 Dungeon Crawl Stone Soup version 0.29.1-2-gbd0b4ee654 (webtiles) character file.

Game seed: 11256039646827265058

193 GorkyZ the Shield-Bearer (level 5, 0/33 HPs)
             Began as a Gargoyle Fighter on Nov 23, 2022.
             Slain by a hound (5 damage)
             ... on level 4 of the Dungeon.
             The game lasted 00:08:21 (3766 turns).

GorkyZ the Shield-Bearer (Gargoyle Fighter)         Turns: 3766, Time: 00:08:22

Health: 0/33       AC: 13    Str: 22    XL:     5   Next: 72%
Magic:  5/5        EV:  7    Int:  8    God:
Gold:   228        SH:  4    Dex:  9    Spells: 4/4 levels left

rFire   . . .      SeeInvis .   a - +1 war axe
rCold   . . .      Faith    .   c - +0 buckler
rNeg    + . .      Spirit   .   f - +0 chain mail
rPois   ∞          Reflect  .   (no helmet)
rElec   +          Harm     .   j - scarf {repulsion}
rCorr   .          Rampage  .   (no gloves)
Will    .....                   (no boots)
Stlth   ..........              (no amulet)
HPRegen 0.11/turn               (no ring)
MPRegen 0.09/turn               (no ring)

@: repel missiles
A: sickness immunity, AC +4, negative energy resistance 1, electricity
resistance, torment resistance 1, petrification resistance
a: no special abilities


You were on level 4 of the Dungeon.
You visited 1 branch of the dungeon, and saw 4 of its levels.

You collected 228 gold pieces.

Inventory:

Hand Weapons
 a - a +1 war axe (weapon)
Missiles
 l - 2 throwing nets (quivered)
Armour
 b - a +0 scale mail
 c - a +0 buckler (worn)
 f - a +0 chain mail (worn)
 j - a scarf of repulsion (worn)
 p - a scarf of harm
Jewellery
 n - an amulet of guardian spirit
Scrolls
 e - a scroll of identify
 g - a scroll of silence
Potions
 d - a potion of might
 h - 2 potions of flight


   Skills:
 + Level 4.0 Fighting
 + Level 2.7 Axes
 + Level 1.7 Throwing
 + Level 4.0 Armour
 + Level 4.1 Shields
 + Level 1.5 Evocations


You had 4 spell levels left.
You didn't know any spells.
Your spell library contained the following spells:

 Spells                   Type           Power      Damage    Failure   Level
 Magic Dart               Conj           0%         1d3       99%         1
 Blink                    Tloc           0%         N/A       100%        2
 Call Imp                 Summ           0%         N/A       100%        2
 Scorch                   Fire           0%         2d5       100%        2
 Gell's Gravitas          Tloc           0%         N/A       100%        3
 Lesser Beckoning         Tloc           0%         N/A       100%        3
 Mephitic Cloud           Conj/Pois/Air  0%         N/A       100%        3
 Ozocubu's Armour         Ice            0%         N/A       100%        3
 Stone Arrow              Conj/Erth      0%         3d7       100%        3
 Teleport Other           Tloc           0%         N/A       100%        3
 Animate Armour           Summ/Erth      0%         N/A       100%        4
 Flame Wave               Conj/Fire      0%         2d4       100%        4
 Manifold Assault         Tloc           0%         N/A       100%        5
 Summon Cactus Giant      Summ           0%         N/A       100%        6
 Ozocubu's Refrigeration  Ice            0%         4d7       100%        7
 Lehudib's Crystal Spear  Conj/Erth      0%         10d2      100%        8


Dungeon Overview and Level Annotations

Branches:
Dungeon (4/15)
 Temple: D:4-7

Altars:
Hepliaklqana

Annotations:
D:2 1 runed translucent door, Crazy Yiuf


Innate Abilities, Weirdness & Mutations

You are immune to sickness and miasma.
Your stone body is resilient. (AC +4)
You are immune to poison.
You resist negative energy. (rN+)
You are resistant to electric shocks. (rElec)
You are resistant to unholy torment.
You are immune to petrification.


Message History

The ball python grabs you. The ball python constricts you.
The phantom hits you but does no damage.
You miss the phantom.
The phantom is heavily damaged.
You slash the ball python!
You kill the ball python!
The hound bites you but does no damage.
The phantom hits you but does no damage.
You hit the phantom.
The phantom is severely damaged.
You closely miss the hound. You block the hound's attack. The hound bites you.
The phantom closely misses you. The hound bites you.
The phantom hits you but does no damage.
The gnoll closely misses you.
You closely miss the phantom.
The phantom is heavily damaged.
You hit the hound. The hound bites you.
The gnoll hits you from afar with a +0 spear.
The phantom hits you but does no damage.
The hound completely misses you.
You barely miss the phantom.
The phantom is heavily damaged.
You closely miss the hound. The hound barely misses you.
The gnoll hits you but does no damage. You block the phantom's attack.
You block the hound's attack.
You barely miss the phantom.
The phantom is heavily damaged.
You hit the hound but do no damage. The hound bites you but does no damage.
The phantom hits you.
The gnoll hits you from afar with a +0 spear.
The hound bites you. The phantom misses you.
The gnoll hits you from afar with a +0 spear.
* * * LOW HITPOINT WARNING * * *
Unknown command.
Unknown command.
The hound attacks as you move away! The hound bites you.
* * * LOW HITPOINT WARNING * * *
The hound bites you but does no damage. The hound attacks as you move away!
The hound bites you.
You die...

#. #. .. #
#. #.#.#
...
#.###### #
#.@hgg.# <
#...#W.#
#.#..###.#
#.#...#..#
#........##
..
#.#.....g.#
g.
#.#.......#
.# #
#.#.....#
g#
..###....#
>#


You could see a phantom, a hound and 2 gnolls.

Vanquished Creatures
  A scorpion (D:3)
  5 gnolls
  3 adders
  3 worms
  4 orcs (D:3)
  3 endoplasms
  2 giant cockroaches
  3 goblins (D:1)
  3 hobgoblins
  5 kobolds
  6 quokkas
  3 ball pythons
  5 bats
  3 frilled lizards
  3 rats
  A spectral orc (D:3)
53 creatures vanquished.

Notes
Turn   | Place    | Note
-------+----------+-------------------------------------------
     0 | D:1      | GorkyZ the Gargoyle Fighter began the quest for the Orb.
     0 | D:1      | Reached XP level 1. HP: 14/14 MP: 1/1
   515 | D:1      | Reached XP level 2. HP: 19/19 MP: 2/2
  1227 | D:1      | Found a faded altar of an unknown god.
  1428 | D:2      | Reached XP level 3. HP: 22/23 MP: 3/3
  1646 | D:2      | HP: 1/23 [worm (9)]
  1648 | D:2      | Reached skill level 1 in Throwing
  2223 | D:2      | Found a runed translucent door.
  2224 | D:2      | Noticed Crazy Yiuf
  2249 | D:2      | Reached skill level 1 in Evocations
  2249 | D:2      | Reached XP level 4. HP: 28/28 MP: 4/4
  2712 | D:3      | Noticed a scorpion
  2738 | D:3      | Killed a scorpion
  2739 | D:3      | Reached XP level 5. HP: 11/33 MP: 5/5
  3143 | D:3      | Found a hazy altar of Hepliaklqana.
  3736 | D:4      | Noticed a phantom
  3766 | D:4      | Slain by a hound

Illustrated notes

Levels and vault maps discovered:
D:1:      roderic_crop_circles_arrival_small, layout_basic,
          ebering_ecumenical_altar_mist
D:2:      layout_rooms, uniq_crazy_yiuf_cottage
D:3:      layout_basic, nicolae_hepliaklqana_monster_ancestors,
          mrwooster_statue_mirror
D:4:      kennysheep_goblin_castle, layout_loops_cross, nicolae_ru_awakened_eye,
          gammafunk_temple_overflow_pools, minmay_temple_entry_wispy,
          serial_shops, shop, kennysheep_windowed_goal

Skill      XL: |  1  2  3  4  5 |
---------------+----------------+-----
Axes           | 2 |  2.7
Throwing       | 1 |  1.7
Evocations     | 1 |  1.5
Armour         | 4 |  4.0
Shields        | 4 |  4.1
Fighting       | 4 |  4.0

Action                   |  1- 3 |  4- 6 || total
-------------------------+-------+-------++-------
Melee: War axe           |   118 |    93 ||   211
  Use: Scroll            |       |     6 ||     6
Armor: Chain mail        |    77 |    70 ||   147
       Scale mail        |     2 |       ||     2
Dodge: Dodged            |    39 |    43 ||    82
Block: Buckler           |    24 |    37 ||    61
